 Dungeon Crawl Stone Soup version 0.31-a0-1074-g0b22e4e0f1 (webtiles) character file.

Game seed: 9293190250422590106

9 kae the Vexing (level 2, 16/20 HPs)
             Began as a Demonspawn Enchanter on Nov 26, 2023.
             Quit the game on level 1 of the Dungeon.
             The game lasted 00:00:12 (153 turns).

kae the Vexing (Demonspawn Enchanter)                Turns: 153, Time: 00:00:13

Health: 16/20      AC:  2    Str:  8    XL:     2   Next: 6%
Magic:  5/5        EV: 12    Int: 16    God:
Gold:   0          SH:  0    Dex: 13    Spells: 5/5 levels left

rFire   . . .        a - +1 dagger
rCold   . . .        (no shield)
rNeg    . . .        b - +0 robe
rPois   .            (no helmet)
rElec   .            d - scarf {repulsion}
rCorr   .            (no gloves)
SInv    .            (no boots)
Will    .....        (no amulet)
Stlth   ++           (no ring)
HPRegen 0.23/turn    (no ring)
MPRegen 0.09/turn

%: repel missiles
@: no status effects
A: claws 1
a: no special abilities


You were on level 1 of the Dungeon.
You visited 1 branch of the dungeon, and saw 1 of its levels.


Innate Abilities, Weirdness & Mutations

You have sharp fingernails.


   Skills:
 + Level 0.3 Fighting
 * Level 1.1 Short Blades
 + Level 1.9 Dodging
 * Level 2.9 Stealth
 + Level 2.0 Spellcasting
 + Level 3.0 Hexes


You had 5 spell levels left.
You didn't know any spells.
Your spell library contained the following spells:

 Spells                   Type           Power      Damage    Failure   Level
 Ensorcelled Hibernation  Hex/Ice        12%        N/A       17%         2
 Confusing Touch          Hex            11%        N/A       19%         3
 Tukima's Dance           Hex            11%        N/A       19%         3
 Dazzling Flash           Conj/Hex       12%        N/A       32%         3

Inventory:

Hand Weapons
 a - a +1 dagger (weapon)
Armour
 b - a +0 robe (worn)
 d - a scarf of repulsion (worn)
   (You found it on level 1 of the Dungeon)
Potions
 c - 2 potions of invisibility
 e - a potion of mutation {unknown}

Dungeon Overview and Level Annotations

Branches:
Dungeon (1/15) Zot: 5848

Altars:

###.###.### #.........#
##.........#
#..........$
###.........#
#...........#
####.###.###.##
########....###.###[#
.........#......@)..#
########....#...........
#########.#.#.#######.##
.........>#.#.#.#
########..#.#..#
#####[......).###
).....##........#
..#######)#.....#
######.###....#


There were no monsters in sight!


Message History

You take 1 damage, and now have 12/13 hp.
There are monsters nearby!
You barely miss the hobgoblin.
You punch the hobgoblin, but do no damage.
The bat misses you. x2; The hobgoblin hits you.
The goblin barely misses you.
You are too injured to fight recklessly!
There are monsters nearby! 😮 HP[-4]
You take 4 damage, and now have 8/13 hp.
MASSIVE DAMAGE!! (PAUSE)
The bat hits you but does no damage. x3; The goblin attacks as it pursues you!
The goblin hits you with a +0 club. 😮 HP[-1]
You take 1 damage, and now have 7/13 hp.
You hit the bat. The bat misses you. The bat hits you but does no damage.
The hobgoblin hits you. The goblin hits you but does no damage.
The bat hits you but does no damage.
You hit the bat.
You kill the bat!
The hobgoblin closely misses you.
You hit the hobgoblin.
You kill the hobgoblin!
The bat hits you but does no damage. The bat closely misses you.
You hit the bat.
You kill the bat!
You closely miss the goblin. The goblin barely misses you. 😮 HP[+1]
You barely miss the goblin. The goblin barely misses you.
You completely miss the goblin. The goblin barely misses you.
You closely miss the goblin. The goblin hits you with a +0 club.
* * * LOW HITPOINT WARNING * * *
😨 HP[-4]
You take 4 damage, and now have 4/13 hp.
MASSIVE DAMAGE!! (PAUSE)
You barely miss the goblin. The goblin hits you but does no damage.
You completely miss the goblin. The goblin hits you with a +0 club.
* * * LOW HITPOINT WARNING * * *
You hit the goblin but do no damage. The goblin hits you but does no damage.
You hit the goblin. The goblin hits you with a +0 club.
* * * LOW HITPOINT WARNING * * *
😱 HP[-1]
You take 1 damage, and now have 3/13 hp.
You miss the goblin. The goblin hits you with a +0 club.
* * * LOW HITPOINT WARNING * * *
😱 HP[-2]
You take 2 damage, and now have 1/13 hp.
You closely miss the goblin. The goblin misses you. 😱 HP[+1]
You hit the goblin.
You kill the goblin!
You see here a +0 club.
You start resting. 😕 HP[+9]
You regained 9 hp, and now have 11/13 hp.
You start resting. 😎 HP[+2]
Your hp is fully restored (13).
You see here a scarf of repulsion.
d - a scarf of repulsion You start putting on your armour.
You continue putting on your scarf of repulsion. x4
You finish putting on your scarf of repulsion.
You are surrounded by a repulsion field.
e - a murky grey potion You see here a +0 robe.
Key pressed, stopping explore.
No target in view!
No target in view!
A goblin comes into view. It is wielding a +0 dagger.
The goblin shouts!
A kobold comes into view. It is wielding a +0 short sword.
You hit the goblin. The goblin misses you.
There are monsters nearby!
You hit the goblin but do no damage. You barely miss the goblin.
The goblin barely misses you.
There are monsters nearby!
There are monsters nearby!
You closely miss the goblin. The goblin hits you with a +0 dagger.
You hit the goblin.
You kill the goblin!
You have reached level 2!
You feel monstrous as your demonic heritage exerts itself.
Your demonic ancestry asserts itself...
Your fingernails lengthen.
A kobold is nearby! 😕 HP[+5] MP[+2]
You now have 20 max hp (+7).
You regained 5 hp, and now have 18/20 hp.
Your mp is fully restored (5).
You closely miss the kobold.
The kobold hits you with a +0 short sword.
You hit the kobold. The kobold closely misses you. 😕 HP[-2]
You take 2 damage, and now have 16/20 hp.
You hit the kobold.
You kill the kobold!
No target in view!
No target in view!
No target in view!
Are you sure you want to abandon this character and quit the game? (Confirm with "yes".)

Skill      XL: |  1 |
---------------+----+-----
Short Blades   | 1 |  1.1
Fighting       | |  0.3
Dodging        | |  1.9
Stealth        | |  2.9
Spellcasting   | |  2.0
Hexes          | |  3.0

Action                     || total
---------------------------++-------
  Melee: Dagger            ||    32
         Punch             ||     1
 Armour: Robe              ||    26
  Dodge: Dodged            ||    25

Levels and vault maps discovered:
D:1:      minmay_arrival_plants_in_alcoves, layout_loops_ring

Notes
Turn   | Place    | Note
-------+----------+-------------------------------------------
     0 | D:1      | kae the Demonspawn Enchanter began the quest for the Orb.
     0 | D:1      | Reached XP level 1. HP: 13/13 MP: 3/3
     0 | D:1      | magus.rc [v1.11.3]
    26 | D:1      | Reached skill level 1 in Short Blades
    48 | D:1      | HP: 3/13 [goblin/+0 club (1)]
    49 | D:1      | HP: 1/13 [goblin/+0 club (2)]
   150 | D:1      | You feel monstrous as your demonic heritage exerts itself.
   150 | D:1      | Discovered your monstrous ancestry.
   150 | D:1      | Gained mutation: You have sharp fingernails. [demonic
                  | ancestry]
   150 | D:1      | Reached XP level 2. HP: 18/20 MP: 5/5
   153 | D:1      | Quit the game

Vanquished Creatures
  3 bats (D:1)
  2 goblins (D:1)
  2 hobgoblins (D:1)
  A kobold (D:1)
8 creatures vanquished.

Table legend:
 A = Non-vault XP
 B = Vault XP
 C = Vault XP percentage of total XP
 D = Non-vault monster count
 E = Vault monster count
 F = Vault count percentage of total count
                 A         B        C        D         E       F
            +---------+---------+-------+---------+---------+-------
      Total |      14 |       0 |   0.0 |       8 |       0 |   0.0
            +---------+---------+-------+---------+---------+-------
        D:1 |      14 |       0 |   0.0 |       8 |       0 |   0.0
            +---------+---------+-------+---------+---------+-------

Skill      XL: |  1 |
---------------+----+-----
Short Blades   | 1 |  1.1
Fighting       | |  0.3
Dodging        | |  1.9
Stealth        | |  2.9
Spellcasting   | |  2.0
Hexes          | |  3.0

Action                     || total
---------------------------++-------
  Melee: Dagger            ||    32
         Punch             ||     1
 Armour: Robe              ||    26
  Dodge: Dodged            ||    25

Illustrated notes

Table legend:
 A = Kills in this place as a percentage of kills in the entire game.
 B = Kills by you in this place as a percentage of kills by you in the entire game.
 C = Kills by friends in this place as a percentage of kills by friends in the entire game.
 D = Other kills in this place as a percentage of other kills in the entire game.
 E = Experience gained in this place as a percentage of experience gained in the entire game.
 F = Experience gained in this place divided by the number of levels of this place that you have seen.
                   A       B       C       D       E      F
               +-------+-------+-------+-------+-------+----------------------
         Total | 100.0 | 100.0 |   N/A |   N/A | 100.0 |  14.0
       Dungeon | 100.0 | 100.0 |   N/A |   N/A | 100.0 |  14.0
               +-------+-------+-------+-------+-------+----------------------

Table legend: (Time is in decaauts)
 A = Elapsed time spent in this place.
 B = Non-inter-level travel time spent in this place.
 C = Inter-level travel time spent in this place.
 D = Time resting spent in this place.
 E = Time spent auto-exploring this place.
 F = Levels seen in this place.
 G = Mean time per level.
                   A        B        C        D        E       F      G
               +--------+--------+--------+--------+--------+-----+--------+
         Total |    151 |    151 |      0 |     49 |     52 |   1 |  151.0 |
       Dungeon |    151 |    151 |      0 |     49 |     52 |   1 |  151.0 |
               +--------+--------+--------+--------+--------+-----+--------+

Top non-repeatable levels by time:
     D:1: 151 daAuts
